 Dungeon Crawl Stone Soup version 0.28.0-53-g5a82cb258f (webtiles) character file.

Game seed: 15158995178293159185

384 selky the Slasher (level 7, -5/57 HPs)
             Began as a Formicid Fighter on July 1, 2022.
             Slain by an iguana (9 damage)
             ... on level 5 of the Dungeon.
             The game lasted 00:04:35 (3451 turns).

selky the Slasher (Formicid Fighter)                Turns: 3451, Time: 00:04:35

Health: -5/57      AC: 13    Str: 23    XL:     7   Next: 6%
Magic:  7/7        EV:  6    Int:  7    God:
Gold:   162        SH:  4    Dex: 10    Spells: 6/6 levels left

rFire   . . .      SeeInvis +   a - +0 long sword
rCold   . . .      Faith    .   c - +0 buckler
rNeg    . . .      Spirit   .   m - +0 plate armour
rPois   .          Reflect  .   (helmet unavailable)
rElec   +          Harm     .   l - +0 cloak
rCorr   +          Rampage  .   b - +0 pair of gloves
Will    .....                   (no boots)
Stlth   ..........              (no amulet)
HPRegen 0.19/turn               t - ring of resist corrosion
MPRegen 0.10/turn               (no ring)

@: brilliant
A: permanent stasis, dig shafts and tunnels, antennae 3, four strong arms, fangs
1, robust 1, electricity resistance
a: Dig, Shaft Self


You were on level 5 of the Dungeon.
You visited 1 branch of the dungeon, and saw 5 of its levels.

You collected 162 gold pieces.

Inventory:

Hand Weapons
 a - a +0 long sword (weapon)
Armour
 b - a +0 pair of gloves (worn)
 c - a +0 buckler (worn)
 l - a +0 cloak (worn)
 m - a +0 plate armour (worn)
Jewellery
 t - a ring of resist corrosion (left hand)
 u - a ring of ice
Wands
 w - a wand of charming (3)
Scrolls
 f - 2 scrolls of identify {unknown}
 h - 3 scrolls of teleportation {unknown}
 k - a scroll of enchant weapon {unknown}
 n - a scroll of noise {unknown}
 p - a scroll of vulnerability {unknown}
 q - 2 scrolls of blinking {unknown}
Potions
 d - a potion of might
 g - a potion of resistance


   Skills:
 - Level 3.2 Fighting
 + Level 7.0 Long Blades
 - Level 3.2 Armour
 - Level 3.6 Shields


You had 6 spell levels left.
You didn't know any spells.
Your spell library contained the following spells:

 Spells                   Type           Power      Damage    Failure   Level
 Foxfire                  Conj/Fire      0%         2x1d4     100%        1
 Sandblast                Erth           0%         2d4       100%        1
 Passwall                 Tmut/Erth      0%         N/A       100%        2
 Conjure Flame            Conj/Fire      0%         6-21      100%        3
 Inner Flame              Hex/Fire       0%         N/A       100%        3
 Stone Arrow              Conj/Erth      0%         3d7       100%        3
 Flame Wave               Conj/Fire      0%         2d4       100%        4
 Summon Ice Beast         Ice/Summ       0%         N/A       100%        4
 Summon Lightning Spire   Summ/Air       0%         N/A       100%        4
 Summon Mana Viper        Hex/Summ       0%         N/A       100%        5
 Monstrous Menagerie      Summ           0%         N/A       100%        7
 Storm Form               Tmut/Air       0%         N/A       100%        7
 Maxwell's Capacitive Co  Air            0%         ∞         100%        8


Dungeon Overview and Level Annotations

Branches:
Dungeon (5/15)
 Temple: D:4-7

Altars:
Xom

Shops:
D:2 (


Innate Abilities, Weirdness & Mutations

You cannot be hasted, slowed, berserked, paralysed or teleported.
You can dig through walls and to a lower floor.
You have a pair of large antennae on your head. (SInv)
Your four strong arms can wield two-handed weapons with a shield.
You have very sharp teeth.
You are robust. (+10% HP)
You are resistant to electric shocks. (rElec)


Message History

Your magical effects are unravelling.
You feel magically purged.
You feel less wooden.
Your +0 cloak unmelds from your body.
Your +0 pair of gloves unmelds from your body.
Your +0 plate armour unmelds from your body.
You feel a little less mighty now.
Your resistance to elements expires.
The iguana bites you.
* * * LOW HITPOINT WARNING * * *
The sky beast barely misses you.
You feel less attractive to monsters.
It was a potion of brilliance.
You feel clever all of a sudden. The iguana bites you.
* * * LOW HITPOINT WARNING * * *
The sky beast hits you but does no damage.
You are too injured to fight recklessly!
Unknown command.
The sky beast flickers out of sight for a moment.
Found a shimmering altar of Xom.
An iguana comes into view.
The teleport trap disappears.
The iguana disappears!
The sky beast flickers out of sight for a moment.
The iguana moves out of view.
A water moccasin skeleton comes into view.
The iguana hisses menacingly.
The iguana bites you but does no damage.
The water moccasin skeleton bites you but does no damage.
Found a gnarled jewelled staff.
The teleport trap disappears.
The sky beast disappears!
The teleport trap disappears.
The iguana disappears!
The teleport trap disappears.
The water moccasin skeleton disappears!
You start resting.
An iguana is nearby!
An iguana is nearby!
The teleport trap disappears.
The sky beast disappears!
The iguana bites you.
* * * LOW HITPOINT WARNING * * *
You hit the iguana.
The iguana is lightly wounded.
The iguana bites you!
You die...

#................
#................
#................
#.....^.....####
#......_§...#
#.....^.....#
#...........#
#...........#
#..@l.......#
#...........#
#.......|...#
#############


You could see an iguana.

Vanquished Creatures
  A centaur (D:3)
  A water moccasin skeleton (D:3)
  A bullfrog zombie (D:3)
  A jelly (D:5)
  Ijyb (D:4)
  An iguana (D:4)
  6 adders
  3 dart slugs (D:1)
  3 orcs
  3 ball pythons
  6 endoplasms
  3 giant cockroaches (D:1)
  6 goblins
  11 hobgoblins
  3 jackals (D:2)
  6 kobolds
  5 quokkas
  8 bats
  6 frilled lizards
  A quokka skeleton (D:4)
76 creatures vanquished.

Notes
Turn   | Place    | Note
-------+----------+-------------------------------------------
     0 | D:1      | selky the Formicid Fighter began the quest for the Orb.
     0 | D:1      | Reached XP level 1. HP: 18/18 MP: 1/1
   122 | D:1      | Reached XP level 2. HP: 16/24 MP: 2/2
   285 | D:1      | Reached skill level 3 in Long Blades
   471 | D:1      | Reached XP level 3. HP: 27/29 MP: 3/3
  1230 | D:2      | Reached skill level 4 in Long Blades
  1230 | D:2      | Reached XP level 4. HP: 35/35 MP: 4/4
  1442 | D:2      | Found Hiut's Weapon Boutique.
  2172 | D:3      | Reached skill level 5 in Long Blades
  2172 | D:3      | Reached XP level 5. HP: 32/41 MP: 5/5
  2421 | D:3      | Found a faded altar of an unknown god.
  2694 | D:3      | Reached XP level 6. HP: 40/47 MP: 6/6
  2908 | D:3      | Reached skill level 6 in Long Blades
  3275 | D:4      | Noticed Ijyb
  3293 | D:4      | Killed Ijyb
  3371 | D:4      | Noticed an orc warrior
  3386 | D:5      | Entered Level 5 of the Dungeon
  3388 | D:5      | Noticed a sky beast
  3394 | D:5      | Reached skill level 7 in Long Blades
  3394 | D:5      | Reached XP level 7. HP: 22/52 MP: 7/7
  3406 | D:5      | Gained mutation: You are resistant to electric shocks.
                  | (rElec) [potion of mutation]
  3406 | D:5      | Gained mutation: You are robust. (+10% HP) [potion of
                  | mutation]
  3406 | D:5      | Gained mutation: You have very sharp teeth. [potion of
                  | mutation]
  3420 | D:5      | Found a shimmering altar of Xom.
  3451 | D:5      | Slain by an iguana

Illustrated notes

Levels and vault maps discovered:
D:1:      amcnicky_arrival_abandoned_market, layout_basic
D:2:      layout_loops_ring, serial_shops, shop
D:3:      layout_basic, dreamdust_ecumenical_altar_angels_and_demons
D:4:      layout_layer_cave, serial_shops, shop, minmay_ogre_servants, uniq_ijyb
D:5:      layout_basic, xom_teletrap_fun, ebering_ghost_reflecting_pool,
          guppyfry_early_orc_mine

Skill      XL: |  1  2  3  4  5  6 |
---------------+-------------------+-----
Long Blades    | 3 4 5 7 |  7.0
Fighting       | |  3.2
Armour         | |  3.2
Shields        | |  3.6

Action                   |  1- 3 |  4- 6 |  7- 9 || total
-------------------------+-------+-------+-------++-------
Melee: Long sword        |    94 |   138 |     4 ||   236
  Use: Potion            |       |       |     9 ||     9
Armor: Scale mail        |    41 |     6 |       ||    47
       Plate armour      |       |    78 |    10 ||    88
       Skin              |       |       |     2 ||     2
Dodge: Dodged            |    45 |    56 |     2 ||   103
Block: Buckler           |    29 |    35 |     1 ||    65
